 Dungeon Crawl Stone Soup version 0.27.1-4-g1640c2035a (webtiles) character file.

Game seed: 7422385500529624777

178 Stomo444 the Ducker (level 5, -1/41 HPs)
             Began as a Demonspawn Gladiator on Nov 16, 2021.
             Slain by an ogre (24 damage)
             ... on level 3 of the Dungeon.
             The game lasted 00:04:53 (3568 turns).

Stomo444 the Ducker (Demonspawn Gladiator)          Turns: 3568, Time: 00:04:54

Health: -1/41      AC:  7    Str: 16    XL:     5   Next: 32%
Magic:  5/5        EV: 10    Int:  9    God:
Gold:   157        SH:  0    Dex: 14    Spells: 4/4 levels left

rFire    . . .     SeeInvis .   a - +0 flail
rCold    . . .     Faith    .   (no shield)
rNeg     . . .     Spirit   .   k - +0 scale mail
rPois    .         Reflect  .   c - +0 helmet
rElec    .         Harm     .   (no cloak)
rCorr    .         Rampage  .   (no gloves)
Will     .....                  (no boots)
Stlth    ..........             (no amulet)
HPRegen  0.13/turn              (no ring)
MPRegen  0.09/turn              (no ring)

@: no status effects
A: foul stench 2
a: no special abilities


You were on level 3 of the Dungeon.
You visited 1 branch of the dungeon, and saw 3 of its levels.

You collected 157 gold pieces.

Inventory:

Hand Weapons
 a - a +0 flail (weapon)
 f - a +0 mace
Missiles
 d - 3 throwing nets
 g - 62 stones (quivered)
Armour
 b - a +0 leather armour
 c - a +0 helmet (worn)
 k - a +0 scale mail (worn)
Wands
 r - a wand of iceblast (6)
Scrolls
 h - a scroll of magic mapping {unknown}
 j - a scroll of teleportation {unknown}
 m - a scroll of vulnerability {unknown}
 o - a scroll of identify {unknown}
 q - a scroll of noise {unknown}
Potions
 e - a potion of might {unknown}
 i - 3 potions of curing {unknown}
 l - a potion of lignification {unknown}
 n - a potion of mutation {unknown}
 p - a potion of haste {unknown}


   Skills:
 + Level 3.2 Fighting
 + Level 3.6 Maces & Flails
 - Level 1.7 Throwing
 + Level 2.0 Armour
 + Level 3.6 Dodging


You had 4 spell levels left.
You didn't know any spells.
Your spell library contained the following spells:

 Spells                   Type           Power      Damage    Failure   Level
 Sublimation of Blood     Necr           0%         N/A       92%         2
 Petrify                  Tmut/Erth      0%         N/A       100%        4
 Irradiate                Conj/Tmut      0%         3d14      100%        5


Dungeon Overview and Level Annotations

Branches:
Dungeon (3/15)

Altars:

Shops:
D:1 ?!   D:3 (


Innate Abilities, Weirdness & Mutations

You sometimes emit foul miasma when damaged in melee.


Message History

Found a rapier.
Found a stone staircase leading down.
There is an open door here.
Found a ring mail.
Found a pink potion.
An ogre comes into view. It is wielding a +0 giant spiked club.
An ogre is nearby!
An ogre is nearby!
An ogre is nearby!
Press: ? - help, v - describe, . - travel The floor.
Found 17 gold pieces.
You hit the ogre.
The ogre is lightly wounded.
The ogre barely misses you.
You barely miss the ogre.
The ogre is lightly wounded.
The ogre barely misses you.
You barely miss the ogre.
The ogre is lightly wounded.
The ogre closely misses you.
Press: ? - help, v - describe, . - travel
Here: an ogre, wielding a +0 giant spiked club (lightly wounded)
The floor.
You hit the ogre but do no damage.
The ogre is lightly wounded.
The ogre barely misses you.
You barely miss the ogre.
The ogre is lightly wounded.
The ogre barely misses you.
You barely miss the ogre.
The ogre is lightly wounded.
The ogre hits you with a +0 giant spiked club!!
You hit the ogre.
The ogre is moderately wounded.
The ogre barely misses you.
You hit the ogre.
The ogre is moderately wounded.
The ogre hits you with a +0 giant spiked club!!
Ouch! That really hurt!
You die...

#.#
###.#####
###.......
##........
$..!.... #
#..... #
#.##..O##.#
#....@...#
###.#.####.#
#........#
###.######
#.# #.# #.#
#.# ########
###.#######


You could see an ogre.

Vanquished Creatures
  A jelly (D:2)
  Ijyb (D:3)
  6 adders
  A worm (D:3)
  2 dart slugs
  5 ball pythons
  3 bats
  10 endoplasms
  3 giant cockroaches
  4 goblins
  4 hobgoblins
  4 quokkas
  3 frilled lizards
  6 kobolds
  7 rats
60 creatures vanquished.

Notes
Turn   | Place    | Note
-------+----------+-------------------------------------------
     0 | D:1      | Stomo444 the Demonspawn Gladiator began the quest for the
                  | Orb.
     0 | D:1      | Reached XP level 1. HP: 16/16 MP: 1/1
    73 | D:1      | Found Wureg's Distillery.
   179 | D:1      | Found Fuawkoy's Magic Scroll Shoppe.
   252 | D:1      | Gained mutation: You may rarely emit foul miasma when
                  | damaged in melee. [demonic ancestry]
   252 | D:1      | Reached XP level 2. HP: 20/22 MP: 2/2
   734 | D:1      | Reached skill level 1 in Armour
   941 | D:1      | Reached XP level 3. HP: 23/28 MP: 3/3
  1804 | D:2      | Gained mutation: You sometimes emit foul miasma when
                  | damaged in melee. [demonic ancestry]
  1804 | D:2      | Reached XP level 4. HP: 31/34 MP: 4/4
  2731 | D:3      | Noticed Ijyb
  2746 | D:3      | Killed Ijyb
  2747 | D:3      | Reached XP level 5. HP: 14/41 MP: 5/5
  2958 | D:3      | Found Akukunarph's Weapon Boutique.
  3557 | D:3      | Noticed an ogre
  3568 | D:3      | Slain by an ogre

Illustrated notes

Levels and vault maps discovered:
D:1:      lightli_arrival_statue_moat, layout_basic, serial_shops,
          nicolae_lakefront_shop, nicolae_lakefront_shop
D:2:      minmay_inner_zag, layout_loops_cross
D:3:      layout_loops_corners, serial_shops, nicolae_shop_behind_doors,
          amcnicky_mini_corridor_feature, uniq_ijyb

Skill      XL: |  1  2  3  4  5 |
---------------+----------------+-----
Dodging        | 3 |  3.6
Maces & Flails | 3 |  3.6
Armour         | 1 2 |  2.0
Fighting       | 3 |  3.2
Throwing       | |  1.7

Action                   |  1- 3 |  4- 6 || total
-------------------------+-------+-------++-------
Melee: Flail             |   121 |    96 ||   217
       Mace              |     3 |       ||     3
Armor: Leather armour    |    24 |       ||    24
       Scale mail        |    17 |    44 ||    61
Dodge: Dodged            |    89 |    47 ||   136
